 Dungeon Crawl Stone Soup version 0.31-a0-844-gdc52ec4e09 (webtiles) character file.

Game seed: 5043794992322302639

65 Bravepunisher the Ducker (level 3, -3/20 HPs)
             Began as a Spriggan Monk on Sept 29, 2023.
             Killed from afar by a white imp (9 damage)
             ... with a puff of frost
             ... on level 7 of the Dungeon.
             The game lasted 00:06:33 (1671 turns).

Bravepunisher the Ducker (Spriggan Monk)            Turns: 1671, Time: 00:06:33

Health: -3/20      AC:  2    Str:  7    XL:     3   Next: 92%
Magic:  4/4        EV: 20    Int: 11    God:
Gold:   99         SH:  0    Dex: 19    Spells: 2/2 levels left

rFire   . . .        a - +0 short sword
rCold   . . .        (no shield)
rNeg    . . .        b - +0 robe
rPois   .            (helmet restricted)
rElec   .            (no cloak)
rCorr   .            (gloves unavailable)
SInv    +            (boots unavailable)
Will    .....        (no amulet)
Stlth   ++           (no ring)
HPRegen 0.23/turn    (no ring)
MPRegen 0.09/turn

%: no passive effects
@: very quick
A: very small, no large weapons, unfitting armour, see invisible, speed 3
a: no special abilities


You were on level 7 of the Dungeon.
You visited 1 branch of the dungeon, and saw 7 of its levels.

You collected 99 gold pieces.

Inventory:

Hand Weapons
 a - a +0 short sword (weapon)
Armour
 b - a +0 robe (worn)
Scrolls
 f - a scroll of identify {unknown}
 g - a scroll of noise {unknown}
 i - 2 scrolls of poison {unknown}
Potions
 c - a potion of ambrosia
 h - 2 potions of curing {unknown}
 j - a potion of invisibility {unknown}


   Skills:
 * Level 3.5 Fighting
 - Level 3.2 Short Blades
 + Level 5.0 Dodging


You had 2 spell levels left.
You didn't know any spells.
Your spell library was empty.

Dungeon Overview and Level Annotations

Branches:
Dungeon (7/15)
 Temple: D:4-7

Altars:
Zin

Annotations:
D:4 1 runed translucent door, scionoferis's ghost, amateur HOMo


Innate Abilities, Weirdness & Mutations

You are very small and have problems with some larger weapons.
You are too small for most types of armour.
You have supernaturally acute eyesight. (SInv)
You cover ground extremely quickly. (Speed+++)


Message History

The wight attacks as it pursues you! The wight misses you.
Your surroundings suddenly seem different.
The adder hisses angrily.
There is a stone staircase leading down here.
You climb downwards.
The ogre closely misses you.
There is a stone staircase leading up here.
Unknown command.
Found a blade talisman.
You see here a bubbling purple potion.
Found a stone staircase leading down.
An adder comes into view.
The adder hisses angrily.
The adder bites you.
You are poisoned.
The adder poisons you!
You feel sick.
You feel sick.
There is a stone staircase leading down here.
You feel sick.
You climb downwards.
You feel sick.
The white imp shouts, "Fly, thou gleeking full-gorged spell-botch!"
Found 8 stones.
There is a stone staircase leading up here.
You feel sick.
You feel sick.
You feel sick.
You are no longer poisoned.
The bullfrog attacks as it pursues you! The bullfrog closely misses you.
The bullfrog hits you but does no damage.
The white imp gestures at you. The puff of frost hits you!
Ouch! That really hurt!
* * * LOW HITPOINT WARNING * * *
Found a stone staircase leading up.
The white imp shouts, "Begone, thou pribbling toot-wallowing wastrel!"
A bullfrog comes into view.
Found 14 gold pieces.
The white imp gestures at you. The puff of frost hits you!
You die...

# #..#.....#...# .##.
#..#........## ...#
#............ #..##
#..........#
#..####........# .
##...#$F.##....###
#..##......###.........
#........## #.........
#....@.## #.##...##.
#....#.# ##.# ####
###.....# #..#
<....##..###..#
......###..#..##
......## #.5.##
..##...###...#
###..(..#5...#
##..##...#.##


You could see a bullfrog and a white imp.

Vanquished Creatures
  3 adders
  An orc (D:4)
  5 endoplasms
  3 giant cockroaches
  3 goblins (D:1)
  5 hobgoblins
  3 quokkas (D:1)
  A ball python (D:4)
  3 bats (D:1)
  A frilled lizard (D:1)
  5 kobolds
  2 rats (D:1)
35 creatures vanquished.

Notes
Turn   | Place    | Note
-------+----------+-------------------------------------------
     0 | D:1      | Bravepunisher the Spriggan Monk began the quest for the
                  | Orb.
     0 | D:1      | Reached XP level 1. HP: 11/11 MP: 2/2
   166 | D:1      | Reached XP level 2. HP: 16/16 MP: 3/3
   533 | D:2      | Reached XP level 3. HP: 20/20 MP: 4/4
   597 | D:4      | Found a runed translucent door.
   612 | D:4      | Noticed scionoferis's ghost (amateur HOMo)
   788 | D:5      | Entered Level 5 of the Dungeon
   797 | D:6      | Noticed an ogre
   815 | D:5      | Noticed a wight
   826 | D:4      | Found a glowing silver altar of Zin.
   937 | D:4      | Noticed an ogre
  1037 | D:5      | Noticed a phantom
  1270 | D:5      | Noticed a black bear
  1287 | D:5      | Noticed a wight
  1301 | D:5      | Noticed a phantom
  1308 | D:5      | Noticed a wight
  1311 | D:5      | Noticed a wight
  1386 | D:4      | Reached skill level 5 in Dodging
  1482 | D:4      | Noticed a two-headed ogre
  1634 | D:7      | Noticed a bullfrog
  1663 | D:7      | Noticed a bullfrog
  1671 | D:7      | Killed from afar by a white imp

Illustrated notes

Levels and vault maps discovered:
D:1:      nzn_arrival_depleted_hourglass, layout_loops_ring, minmay_heptomino_h4
D:2:      layout_loops_ring, dreamdust_princess_corridor,
          minmay_worlds_worst_comb
D:3:      layout_loops_ring, amcnicky_altar_gilded, minivault_27
D:4:      layout_basic, mainiacjoe_overflow_24_doors, ebering_ghost_sewer_d
D:5:      layout_rooms, minmay_overflow_temple_star_quad, minmay_misc_feat_chi
D:6:      corexii_shantytown, layout_layer_cave,
          minmay_temple_entry_gardened_gates
D:7:      layout_layer_cave

Skill      XL: |  1  2  3 |
---------------+----------+-----
Fighting       | 3 |  3.5
Dodging        | 5 |  5.0
Short Blades   | |  3.2

Action                     || total
---------------------------++-------
  Melee: Short sword       ||   170
         Punch             ||     2
    Use: Scroll            ||     2
   Stab: Sleeping          ||     8
 Armour: Robe              ||    41
  Dodge: Dodged            ||   141

Table legend: (Time is in decaauts)
 A = Elapsed time spent in this place.
 B = Non-inter-level travel time spent in this place.
 C = Inter-level travel time spent in this place.
 D = Time resting spent in this place.
 E = Time spent auto-exploring this place.
 F = Levels seen in this place.
 G = Mean time per level.
                   A        B        C        D        E       F      G
               +--------+--------+--------+--------+--------+-----+--------+
         Total |   1134 |   1094 |     40 |      0 |    435 |   7 |  162.0 |
       Dungeon |   1134 |   1094 |     40 |      0 |    435 |   7 |  162.0 |
               +--------+--------+--------+--------+--------+-----+--------+

Top non-repeatable levels by time:
     D:4: 546 daAuts
     D:1: 280 daAuts
     D:5: 163 daAuts
     D:2: 104 daAuts
     D:7: 22 daAuts
     D:6: 11 daAuts
     D:3: 5 daAuts
